 Dungeon Crawl Stone Soup version 0.28-a0-1518-gbe868bca14 (webtiles) character file.

721 Mychaelh the Skirmisher (level 7, 61/61 HPs)
             Began as a Minotaur Berserker on Dec 14, 2016.
             Was a Believer of Trog.
             Quit the game in the Ecumenical Temple on Jan 17, 2022.
             The game lasted 01:14:42 (3810 turns).

Mychaelh the Skirmisher (Minotaur Berserker)        Turns: 3810, Time: 01:14:43

Health: 61/61      AC: 11    Str: 24    XL:     7   Next: 42%
Magic:  6/6        EV: 11    Int:  4    God:    Trog [**....]
Gold:   266        SH:  0    Dex:  9    Spells: 6/6 levels left

rFire   . . .      SeeInvis .   m - +2 mace (vorpal)
rCold   + . .      Faith    .   (no shield)
rNeg    . . .      Spirit   .   G - +2 ring mail of the New World {rC+}
rPois   .          Reflect  .   (helmet restricted)
rElec   .          Harm     .   B - +2 cloak {+Inv}
rCorr   .          Rampage  .   (no gloves)
Will    .....                   (no boots)
Stlth   ..........              q - amulet of regeneration
HPRegen 1.00/turn               (no ring)
MPRegen 0.10/turn               (no ring)

@: no status effects
A: horns 2, retaliatory headbutt
a: Renounce Religion, Evoke Invisibility, Berserk, Trog's Hand


You were in the Ecumenical Temple.
You worshipped Trog.
Trog was pleased with you.
You visited 2 branches of the dungeon, and saw 6 of its levels.

You collected 266 gold pieces.

Inventory:

Hand Weapons
 m - a +2 vorpal mace (weapon)
 x - a +0 blowgun
Missiles
 e - 13 boomerangs (quivered)
 y - 6 curare-tipped darts
Armour
 B - a +2 cloak of invisibility (worn)
 G - the +2 ring mail of the New World (worn) {rC+}
   (You found it on level 5 of the Dungeon)

   rC:        It protects you from cold.
Jewellery
 q - an amulet of regeneration (around neck)
Wands
 z - a wand of removedness (23)
Scrolls
 c - 4 scrolls of immolation
 f - a scroll of blinking {unknown}
 g - 2 scrolls of teleportation
 h - 2 scrolls of removedness
 l - 4 scrolls of identify
 p - a scroll of fog {unknown}
 r - a scroll of noise {unknown}
 s - 2 scrolls of magic mapping {unknown}
Potions
 j - a potion of flight {unknown}
 n - a potion of haste {unknown}
 t - 3 potions of heal wounds
 v - a potion of might {unknown}
 w - a potion of degeneration {unknown}
 C - 2 potions of attraction {unknown}
 E - a potion of lignification {unknown}
Comestibles
 b - 9 removed foods


   Skills:
 + Level 5.2 Fighting
 + Level 4.3(5.5) Axes
 + Level 5.1(5.9) Maces & Flails
 + Level 4.0 Throwing
 + Level 4.4 Armour
 + Level 3.0 Dodging
 + Level 0.1 Stealth


You had 6 spell levels left.
You didn't know any spells.
Your spell library was empty.

Dungeon Overview and Level Annotations

Branches:
Dungeon (5/15)             Temple (1/1) D:5

Altars:
Ashenzari
Cheibriados
Dithmenos
Elyvilon
Fedhas
Gozag
Hepliaklqana
Kikubaaqudgha
Makhleb
Nemelex Xobeh
Okawaru
Qazlal
Ru
Sif Muna
Trog
Uskayaw
Vehumet
Xom
The Shining One


Innate Abilities, Weirdness & Mutations

You have a pair of horns on your head.
You reflexively headbutt those who attack you in melee.


Message History

The sky beast flickers out of sight!
Deactivating autopickup; reactivate with Ctrl-A.
Something hits you but does no damage.
You miss something. You headbutt something.
Something hits you but does no damage.
You closely miss something. You headbutt something.
Something hits you but does no damage.
You hit something but do no damage. You headbutt something.
Trog accepts your kill.
Reactivating autopickup.
Your Maces & Flails skill increases to level 5!
Your Throwing skill increases to level 4!
You feel a bit more experienced.
Things that are here:
a +0 giant spiked club; a sky beast corpse; an ogre corpse
Things that are here:
a +0 giant spiked club; a sky beast corpse; an ogre corpse
Press: ? - help, v - describe, . - travel, g - get item A +0 giant spiked club.
There is something else lying underneath.
The floor, spattered with blood.
Things that are here:
a +0 giant spiked club; a sky beast corpse; an ogre corpse You start waiting.
You start waiting.
Unknown command.
Things that are here:
19 arrows; a cursed +0 shortbow; a centaur skeleton You climb downwards.
Welcome back to the Ecumenical Temple!
Saving game... please wait.
Welcome back, Mychaelh the Minotaur Berserker.
Trog says: Kill them all!
Press ? for a list of commands and other information.
Your amulet attunes itself to your body as you begin to regenerate more quickly.
Welcome back, Mychaelh the Minotaur Berserker.
Trog says: Kill them all!
Press ? for a list of commands and other information.
Are you sure you want to abandon this character and quit the game? (Confirm with "yes".)

.. #........................#..
.. ###..................._....#..
..##..........................#..
.##......................_....# .
.#............................#
.#...._......................##
.#..............<...........##
.#...._......................##
.#..............@.............#
.##......................_....# .
..##.......[..................#..
.. ###..................._....#..
. #........................#..
#..._...................##..
#......................##...
#....._......._...######....
.#.................# .....


There were no monsters in sight!

Vanquished Creatures
  2 sky beasts (D:5)
  A centaur (D:5)
  An ogre (D:5)
  A scorpion (D:4)
  An orc priest (D:3)
  Crazy Yiuf (D:3)
  A bullfrog skeleton (D:4)
  3 orc wizards
  A removed worker ant (D:4)
  5 adders
  A worm (D:4)
  A dart slug (D:2)
  13 orcs
  5 removed leopard geckos
  A ball python (D:1)
  6 giant cockroaches
  6 goblins
  3 hobgoblins (D:1)
  7 kobolds
  4 quokkas
  5 bats
  6 frilled lizards
  20 rats (D:3)
  A removed leopard gecko skeleton (D:4)
96 creatures vanquished.

Notes
Turn   | Place    | Note
-------+----------+-------------------------------------------
     0 | D:1      | Mychaelh the Minotaur Berserker began the quest for the
                  | Orb.
     0 | D:1      | Reached XP level 1. HP: 19/19 MP: 0/0
   232 | D:1      | Reached XP level 2. HP: 27/27 MP: 1/1
   420 | D:1      | Upgraded the game from 0.22-a0-779-g6f83d72c62 to
                  | 0.22-a0-785-g6253c82ace
   707 | D:2      | Reached XP level 3. HP: 33/33 MP: 2/2
   737 | D:2      | Reached skill level 1 in Throwing
  1093 | D:2      | Reached XP level 4. HP: 41/41 MP: 3/3
  1411 | D:3      | Reached XP level 5. HP: 27/47 MP: 4/4
  1428 | D:3      | Reached ** piety under Trog
  1662 | D:3      | Reached skill level 1 in Maces & Flails
  1737 | D:3      | Found a runed door.
  1753 | D:3      | Noticed Crazy Yiuf
  1756 | D:3      | Killed Crazy Yiuf
  2073 | D:4      | Found a hide-covered altar of Uskayaw.
  2112 | D:4      | Found a stormy altar of Qazlal.
  2113 | D:4      | Noticed an air elemental
  2114 | D:4      | Noticed a fire elemental
  2114 | D:4      | Noticed a water elemental
  2191 | D:4      | Reached XP level 6. HP: 48/55 MP: 5/5
  2300 | D:4      | Found a sparkling altar of Nemelex Xobeh.
  2300 | D:4      | Found a white marble altar of Elyvilon.
  3044 | D:4      | Found a blossoming altar of Fedhas.
  3108 | D:4      | Found a hazy altar of Hepliaklqana.
  3350 | D:5      | Entered Level 5 of the Dungeon
  3351 | D:5      | Upgraded the game from 0.22-a0-785-g6253c82ace to
                  | 0.25-a0-279-g53730b6a6f
  3382 | D:5      | Noticed a sky beast
  3395 | D:5      | Killed a sky beast
  3395 | D:5      | Reached skill level 5 in Fighting
  3452 | D:5      | Got a spiked ring mail
  3522 | D:5      | Found a staircase to the Ecumenical Temple.
  3526 | D:5      | Reached XP level 7. HP: 61/61 MP: 6/6
  3541 | Temple   | Entered the Ecumenical Temple
  3674 | Temple   | Identified the +2 ring mail of the New World {rC+} (You
                  | found it on level 5 of the Dungeon)
  3766 | D:5      | Reached skill level 5 in Maces & Flails
  3809 | Temple   | Upgraded the game from 0.25-a0-279-g53730b6a6f to
                  | 0.28-a0-1518-gbe868bca14
  3810 | Temple   | Quit the game

Illustrated notes

Levels and vault maps discovered:
D:1:      ncdulo_wetmaze, serial_bayou_ford_a
D:3:      first_ration, minmay_rat_hole, uniq_crazy_yiuf_cottage
D:4:      kennysheep_little_box, eat_drink_and_be_merry_uskayaw,
          marbit_many_paths, gammafunk_temple_overflow_elements,
          nicolae_qazlal_style_of_elements
D:5:      temple_statues, makhleb_heckhound_becter
Temple:   nicolae_temple_great_sept

Skill      XL: |  1  2  3  4  5  6  7 |
---------------+----------------------+-----
Axes           | 4 |  4.3
Fighting       | 4 5 |  5.2
Throwing       | 2 3 4 |  4.0
Armour         | 3 4 |  4.4
Maces & Flails | 2 4 5 |  5.1
Dodging        | 3 |  3.0
Stealth        | |  0.1

Action                   |  1- 3 |  4- 6 |  7- 9 || total
-------------------------+-------+-------+-------++-------
Melee: Hand axe          |    13 |       |       ||    13
       Headbutt          |     5 |    16 |     4 ||    25
       Mace              |    23 |   108 |    20 ||   151
Throw: Stone             |    40 |       |       ||    40
       Boomerang         |    35 |    39 |       ||    74
Invok: Berserk           |       |     1 |       ||     1
       Trog's Hand       |       |     1 |       ||     1
  Use: Scroll            |       |       |     5 ||     5
  Eat: Removed food      |     1 |     2 |       ||     3
       Removed food      |       |     1 |       ||     1
Armor: Ring mail         |     8 |     6 |    15 ||    29
       Plate armour      |       |    66 |       ||    66
Dodge: Dodged            |    23 |    48 |     4 ||    75

Table legend: (Time is in decaauts)
 A = Elapsed time spent in this place.
 B = Non-inter-level travel time spent in this place.
 C = Inter-level travel time spent in this place.
 D = Time resting spent in this place.
 E = Time spent auto-exploring this place.
 F = Levels seen in this place.
 G = Mean time per level.
                   A        B        C        D        E       F      G
               +--------+--------+--------+--------+--------+-----+--------+
         Total |   3673 |   3613 |     60 |    108 |   1352 |   6 |  612.2 |
       Dungeon |   3507 |   3447 |     60 |    108 |   1352 |   5 |  701.4 |
        Temple |    165 |    165 |      0 |      0 |      0 |   1 |  165.0 |
               +--------+--------+--------+--------+--------+-----+--------+

Top non-repeatable levels by time:
  Temple: 1 daAuts
Note: time per level data comes from an upgraded game and may be incomplete.
